Map: 2000 Atmospheres LE

Players

Bizzell - Winner!

  • Race: Terran Terran
  • League: Gold

Pedro

  • Race: Protoss Protoss
  • League: Gold

VOD

Have the link to the VOD?

Description

Time

  • Played on: April 13, 2021, 10:50 a.m.
  • Length: 8:59
Show
View Real Time Build Order
Export as new Build Order

Bizzell Terran - Winner!

Build Orders:  

Get SALT Encoding   

  12  0:00  SCV  
  13  0:15  Supply Depot  
  13  0:24  SCV  
  14  0:37  SCV  
  14  0:42  Barracks  
  15  0:45  Refinery  
  15  0:54  SCV  
  16  0:57  Refinery  
  16  1:06  SCV  
  17  1:18  SCV  
  18  1:30  Reaper  
  19  1:40  Orbital Command  
  19  1:41  Barracks  
  19  1:52  Factory  
  19  2:04  Barracks Reactor  
  19  2:14  Supply Depot  
  19  2:18  SCV  
  20  2:26  Supply Depot  
  20  2:30  Barracks Tech Lab  
  20  2:34  SCV  
  21  2:40  Factory Reactor  
  21  2:51  Marine  
  22  2:52  Starport  
  22  3:04  Marine x2  
  24  3:08  Stimpack  
  23  3:15  Marine  
  23  3:17  Supply Depot  
  24  3:25  Marine x2  
  26  3:34  Medivac x2  
  26  3:40  Marine  
  31  3:46  Marine  
  31  3:47  Marine  
  33  3:50  Factory Reactor  
  33  3:58  Marine  
  34  4:04  Marine  
  35  4:10  Marine  
  35  4:14  SCV  
  35  4:16  Marine  
  38  4:23  Marine  
  39  4:28  Marine  
  40  4:36  SCV  
  41  4:39  Marine  
  41  4:41  Marine  
  43  4:48  Marine  
  43  4:51  Combat Shield  
  44  5:12  Engineering Bay  
  44  5:20  Marine  
  44  5:21  Marine x2  
  47  5:29  Supply Depot  
  47  5:30  Supply Depot  
  47  5:31  Medivac  
  47  5:32  Widow Mine x2  
  53  5:38  Marine x2  
  53  5:39  Command Center  
  55  5:47  Missile Turret  
  55  6:09  Marauder, Marine  
  55  6:10  Concussive Shells, Marine  
  59  6:16  Widow Mine  
  61  6:31  Marauder  
  63  6:52  Marauder  
  65  6:54  Marine  
  65  6:55  Marine  
  67  7:12  Marine x2  
  67  7:14  Marauder  
  66  7:26  Widow Mine x2  
  70  7:30  Marine  
  70  7:35  Marauder  
  73  7:40  Marine  
  71  7:48  Marine  
  68  7:56  Marauder  
  55  8:12  Marine x2  
  50  8:13  Widow Mine x2  
  50  8:18  Marauder  
  45  8:30  Marine  
  45  8:32  Orbital Command  
  42  8:34  SCV  
  43  8:46  SCV  
Show
View Real Time Build Order
Export as new Build Order

Pedro Protoss 

Build Orders:  

Get SALT Encoding   

  12  0:00  Probe  
  13  0:12  Probe  
  14  0:19  Pylon  
  14  0:24  Probe  
  15  0:37  Probe (Chrono Boost)  
  15  0:39  Gateway  
  16  0:49  Probe (Chrono Boost)  
  17  0:54  Probe (Chrono Boost)  
  18  1:00  Pylon  
  18  1:05  Probe  
  19  1:17  Probe  
  20  1:32  Probe  
  21  1:40  Cybernetics Core  
  21  1:48  Nexus  
  21  1:59  Probe, Assimilator  
  22  2:03  Assimilator  
  23  2:11  Probe  
  22  2:24  Probe  
  23  2:33  Stalker (Chrono Boost)  
  23  2:36  Probe  
  26  2:44  Warp Gate  
  26  2:48  Probe  
  27  3:11  Probe (Chrono Boost)  
  27  3:12  Probe (Chrono Boost)  
  29  3:23  Probe (Chrono Boost)  
  31  3:27  Robotics Facility  
  31  3:28  Probe (Chrono Boost), Gateway  
  31  3:30  Probe (Chrono Boost)  
  32  3:43  Probe x2 (Chrono Boost), Pylon  
  32  3:45  Assimilator  
  32  3:47  Assimilator  
  34  3:48  Stalker  
  34  3:54  Probe x2 (Chrono Boost)  
  38  3:57  Pylon  
  38  3:58  Probe x2 (Chrono Boost)  
  40  4:06  Shield Battery  
  40  4:09  Probe x2  
  42  4:14  Observer  
  42  4:16  Stalker  
  45  4:21  Probe  
  46  4:29  Probe  
  47  4:33  Probe  
  47  4:35  Observer  
  49  4:41  Probe  
  50  4:45  Nexus  
  50  4:47  Pylon  
  51  4:52  Probe  
  51  4:53  Probe  
  51  4:54  Stalker x2  
  51  4:58  Pylon  
  56  5:04  Observer  
  56  5:05  Probe  
  58  5:09  Robotics Bay  
  58  5:11  Pylon  
  58  5:14  Gateway  
  58  5:17  Gateway  
  58  5:21  Probe x2  
  60  5:25  Observer  
  61  5:29  Stalker x2  
  61  5:33  Probe  
  66  5:41  Probe  
  67  5:45  Probe  
  67  5:49  Twilight Council  
  68  5:52  Pylon  
  68  5:53  Probe  
  69  6:06  Pylon  
  69  6:12  Probe x3  
  69  6:15  Shield Battery  
  69  6:17  Pylon  
  78  6:24  Probe  
  78  6:25  Forge  
  79  6:29  Templar Archives  
  79  6:33  Gateway  
  79  6:34  Gateway  
  79  6:36  Stalker x3, Pylon  
  79  6:38  Pylon  
  85  6:44  Zealot  
  85  6:46  Charge  
  81  7:00  Extended Thermal Lance  
  81  7:01  Robotics Facility  
  81  7:03  Robotics Facility  
  81  7:04  Stalker x4  
  89  7:14  Shield Battery  
  87  7:20  Photon Cannon  
  85  7:28  Photon Cannon  
  83  7:35  Photon Cannon  
  83  7:36  Shield Battery  
  83  7:37  Probe  
  84  7:39  Assimilator  
  84  7:42  Probe x2  
  74  7:44  Stalker  
  74  7:45  Stalker x2  
  74  7:49  Probe  
  62  7:54  Probe x2  
  54  8:01  Probe  
Tags
 
Add a new tag
Caveats
  • Supply blocks, unpowered buildings, or Contaminate may cause inaccurate times.
  • Supply counts are checked every 10 seconds.